TOP OF THE 1ST |
---|
Newark Bulldogs batting - Pitching for Rio Grande Rattlesnake : RHP Chris Carpenter | Pitching: RHP Chris Carpenter | | Batting: RHB Aurelio Cruz | 0-0: Ground out 1-3 (Groundball, 15S) | Batting: LHB Wes Thompson | 0-0: Ball 1-0: Ball 2-0: Ball 3-0: Base on Balls | Batting: RHB Tony Long | 0-0: Called Strike 0-1: Ball 1-1: Called Strike 1-2: Ball 2-2: Fly out, F8 (Line Drive, 8LS) | Batting: LHB Gabriel Aragón | 0-0: Called Strike 0-1: Ball 1-1: Called Strike 1-2: Strikes out looking | Top of the 1st over - 0 runs, 0 hits, 0 errors, 1 left on base; Newark 0 - Rio Grande 0 | BOTTOM OF THE 1ST |
---|
Rio Grande Rattlesnake batting - Pitching for Newark Bulldogs : RHP Juan González | Pitching: RHP Juan González | | Batting: RHB Jaime Delgado | 0-0: SINGLE (Groundball, 34S) (infield hit) | Batting: RHB Iván De Jesús | 0-0: Ball 1-0: Fly out, F7 (Flyball, 7LM) | Batting: SHB Carlos Reyes | 0-0: Foul Ball, location: 2F 0-1: Ball 1-1: Ball 2-1: Ball 3-1: SINGLE (Line Drive, 34) Jaime Delgado to second | Batting: SHB William Daly | 0-0: Called Strike Carlos Reyes steals 2nd base Jaime Delgado to third 0-1: Ball 1-1: Foul Ball, location: 2F 1-2: Ball 2-2: Foul Ball, location: 2F 2-2: Ball 3-2: Foul Ball, location: 2F 3-2: 3-RUN HOME RUN (Flyball, 9D), Distance : 354 ft | Batting: RHB Gary Thomas | 0-0: Swinging Strike 0-1: Ball 1-1: SINGLE (Line Drive, 89S) | Batting: LHB José Garza | 0-0: Called Strike 0-1: Foul Ball, location: 2F 0-2: Fly out, F7 (Line Drive, 7LM) | Batting: RHB Paul Martin | 0-0: Called Strike 0-1: Ball 1-1: Ball 2-1: Ball 3-1: Foul Ball, location: 2F 3-2: Base on Balls Gary Thomas to second | Batting: RHB Joe Courtier | 0-0: Ball 1-0: Called Strike 1-1: Fly out, F1 (Popup, 13) | Bottom of the 1st over - 3 runs, 4 hits, 0 errors, 2 left on base; Newark 0 - Rio Grande 3 | TOP OF THE 2ND |
---|
Newark Bulldogs batting - Pitching for Rio Grande Rattlesnake : RHP Chris Carpenter | Batting: RHB Michael Skinner | 0-0: Foul Ball, location: 2F 0-1: Ball 1-1: Called Strike 1-2: Foul Ball, location: 2F 1-2: Ground out 1-3 (Groundball, 15) | Batting: LHB Gerardo Guzmán | 0-0: Ball 1-0: Called Strike 1-1: Swinging Strike 1-2: Ball 2-2: Ball 3-2: Fly out, F6 (Popup, 6D) | Batting: SHB Ismael Sánchez | 0-0: Called Strike 0-1: Swinging Strike 0-2: Foul Ball, location: 2F 0-2: Ball 1-2: Ball 2-2: Ball 3-2: Foul Ball, location: 2F 3-2: Foul Ball, location: 2F 3-2: SINGLE (Line Drive, 56D) | Batting: RHB Pablo Gómez | 0-0: Ball 1-0: Called Strike 1-1: Ball 2-1: Hit by Pitch Ismael Sánchez to second | Batting: RHB Dan McKay | 0-0: Called Strike 0-1: Foul Ball, location: 2F 0-2: Ball 1-2: Ball 2-2: Ball 3-2: Base on Balls Ismael Sánchez to third Pablo Gómez to second | Batting: RHB Aurelio Cruz | 0-0: Swinging Strike 0-1: Ball 1-1: Foul Ball, location: 2F 1-2: Foul Ball, location: 2F 1-2: Foul Ball, location: 2F 1-2: Fly out, F9 (Flyball, 89S) | Top of the 2nd over - 0 runs, 1 hit, 0 errors, 3 left on base; Newark 0 - Rio Grande 3 | BOTTOM OF THE 2ND |
---|
Rio Grande Rattlesnake batting - Pitching for Newark Bulldogs : RHP Juan González | Batting: SHB Jeremy Holmes | 0-0: Ball 1-0: Fly out, F8 (Flyball, 8RD) | Batting: RHB Jaime Delgado | 0-0: Called Strike 0-1: Ground out 3-1 (Groundball, 34) | Batting: RHB Iván De Jesús | 0-0: Called Strike 0-1: DOUBLE (Line Drive, 8LXD) | Batting: SHB Carlos Reyes | 0-0: Called Strike 0-1: Fly out, F8 (Flyball, 8LM) | Bottom of the 2nd over - 0 runs, 1 hit, 0 errors, 1 left on base; Newark 0 - Rio Grande 3 | TOP OF THE 3RD |
---|
Newark Bulldogs batting - Pitching for Rio Grande Rattlesnake : RHP Chris Carpenter | Batting: LHB Wes Thompson | 0-0: Ball 1-0: Foul Ball, location: 2F 1-1: Ball 2-1: Ball 3-1: Base on Balls | Batting: RHB Tony Long | 0-0: Foul Ball, location: 2F 0-1: Foul Ball, location: 2F 0-2: Ball 1-2: Ball 2-2: Foul Ball, location: 2F 2-2: Ball 3-2: Strikes out looking | Batting: LHB Gabriel Aragón | 0-0: Ball 1-0: Called Strike 1-1: Foul Ball, location: 2F 1-2: Strikes out swinging | Batting: RHB Michael Skinner | 0-0: Called Strike 0-1: Ball 1-1: Foul Ball, location: 2F 1-2: Ball 2-2: Strikes out swinging | Top of the 3rd over - 0 runs, 0 hits, 0 errors, 1 left on base; Newark 0 - Rio Grande 3 | BOTTOM OF THE 3RD |
---|
Rio Grande Rattlesnake batting - Pitching for Newark Bulldogs : RHP Juan González | Batting: SHB William Daly | 0-0: Ball 1-0: Ball 2-0: Called Strike 2-1: Ball 3-1: Base on Balls | Batting: RHB Gary Thomas | 0-0: Ball 1-0: Fielders Choice at 2nd, 3-6 (Groundball, 3) | Batting: LHB José Garza | 0-0: Ball 1-0: SINGLE (Line Drive, 56D) Gary Thomas to second | Batting: RHB Paul Martin | 0-0: Called Strike 0-1: Ball 1-1: Foul Ball, location: 2F 1-2: Ball 2-2: Fly out, F4 (Popup, 4) | Batting: RHB Joe Courtier | 0-0: Ball 1-0: Ball 2-0: Swinging Strike 2-1: Called Strike 2-2: Strikes out swinging | Bottom of the 3rd over - 0 runs, 1 hit, 0 errors, 2 left on base; Newark 0 - Rio Grande 3 | TOP OF THE 4TH |
---|
Newark Bulldogs batting - Pitching for Rio Grande Rattlesnake : RHP Chris Carpenter | Batting: LHB Gerardo Guzmán | 0-0: SINGLE (Groundball, 4MD) | Batting: SHB Ismael Sánchez | 0-0: Called Strike 0-1: Ball 1-1: TRIPLE (Line Drive, 89XD) Gerardo Guzmán scores | Batting: RHB Pablo Gómez | 0-0: 2-RUN HOME RUN (Flyball, 7LD), Distance : 332 ft | Batting: RHB Dan McKay | 0-0: Ball 1-0: Called Strike 1-1: Fly out, F7 (Flyball, 7LSF) | Batting: RHB Aurelio Cruz | 0-0: Called Strike 0-1: Ball 1-1: Ball 2-1: Foul Ball, location: 2F 2-2: Strikes out swinging | Batting: LHB Wes Thompson | 0-0: Called Strike 0-1: Ground out 1-3 (Groundball, 13S) | Top of the 4th over - 3 runs, 3 hits, 0 errors, 0 left on base; Newark 3 - Rio Grande 3 | BOTTOM OF THE 4TH |
---|
Rio Grande Rattlesnake batting - Pitching for Newark Bulldogs : RHP Juan González | Batting: SHB Jeremy Holmes | 0-0: Fly out, F9 (Line Drive, 89S) | Batting: RHB Jaime Delgado | 0-0: Ball 1-0: Foul Ball, location: 2F 1-1: Ball 2-1: Ball 3-1: Base on Balls | Batting: RHB Iván De Jesús | 0-0: Fly out, F8 (Flyball, 89M) | Batting: SHB Carlos Reyes | 0-0: Ball 1-0: Foul Ball, location: 2F 1-1: Called Strike 1-2: Ground out 5-3 (Groundball, 56S) | Bottom of the 4th over - 0 runs, 0 hits, 0 errors, 1 left on base; Newark 3 - Rio Grande 3 | TOP OF THE 5TH |
---|
Newark Bulldogs batting - Pitching for Rio Grande Rattlesnake : RHP Chris Carpenter | Pitching: RHP Billy O'Neal | | Batting: RHB Tony Long | 0-0: Called Strike 0-1: Foul Ball, location: 2F 0-2: Ball 1-2: SOLO HOME RUN (Flyball, 7D), Distance : 359 ft | Batting: LHB Gabriel Aragón | 0-0: Called Strike 0-1: Ball 1-1: SINGLE (Groundball, 4MD) | Batting: RHB Michael Skinner | 0-0: Called Strike 0-1: Called Strike 0-2: Ball 1-2: Ball 2-2: Foul Ball, location: 2F 2-2: Strikes out looking | Batting: LHB Gerardo Guzmán | 0-0: Swinging Strike 0-1: Ball 1-1: Swinging Strike 1-2: Strikes out swinging | Batting: SHB Ismael Sánchez | 0-0: Ball 1-0: DOUBLE (Line Drive, 89D) Gabriel Aragón to third | Batting: RHB Pablo Gómez | 0-0: Called Strike 0-1: Called Strike 0-2: Ball 1-2: Ball 2-2: Foul Ball, location: 2F 2-2: Fly out, F7 (Flyball, 7S) | Top of the 5th over - 1 run, 3 hits, 0 errors, 2 left on base; Newark 4 - Rio Grande 3 | BOTTOM OF THE 5TH |
---|
Rio Grande Rattlesnake batting - Pitching for Newark Bulldogs : RHP Juan González | Batting: SHB William Daly | 0-0: Called Strike 0-1: Swinging Strike 0-2: Ball 1-2: Ball 2-2: Fly out, F8 (Line Drive, 78D) | Batting: RHB Gary Thomas | 0-0: Ball 1-0: Swinging Strike 1-1: Ball 2-1: Ball 3-1: Base on Balls | Batting: LHB José Garza | 0-0: Ball 1-0: Foul Ball, location: 2F 1-1: Fly out, F7 (Flyball, 7LD) | Batting: RHB Paul Martin | 0-0: Ball 1-0: Ball 2-0: Fly out, F8 (Flyball, 8RD) | Bottom of the 5th over - 0 runs, 0 hits, 0 errors, 1 left on base; Newark 4 - Rio Grande 3 | TOP OF THE 6TH |
---|
Newark Bulldogs batting - Pitching for Rio Grande Rattlesnake : RHP Billy O'Neal | Batting: RHB Dan McKay | 0-0: Ball 1-0: Foul Ball, location: 2F 1-1: Ball 2-1: Ball 3-1: Base on Balls | Batting: RHB Aurelio Cruz | 0-0: Called Strike 0-1: Fly out, F9 (Flyball, 9LS) | Batting: LHB Wes Thompson | 0-0: Ball 1-0: Ball Dan McKay is caught stealing 2nd base 2-0: Foul Ball, location: 2F 2-1: Foul Ball, location: 2F 2-2: Foul Ball, location: 2F 2-2: Foul Ball, location: 2F 2-2: Ball 3-2: Fly out, F7 (Flyball, 7LSF) | Top of the 6th over - 0 runs, 0 hits, 0 errors, 0 left on base; Newark 4 - Rio Grande 3 | BOTTOM OF THE 6TH |
---|
Rio Grande Rattlesnake batting - Pitching for Newark Bulldogs : RHP Juan González | Pitching: LHP Josh Wall | | Batting: RHB Joe Courtier | 0-0: Ball 1-0: Called Strike 1-1: Foul Ball, location: 2F 1-2: Ball 2-2: Ball 3-2: Base on Balls | Batting: SHB Jeremy Holmes | 0-0: Called Strike 0-1: Called Strike 0-2: Ball 1-2: Strikes out swinging | Batting: RHB Jaime Delgado | 0-0: Called Strike 0-1: Ball Joe Courtier is caught stealing 2nd base 1-1: Ball 2-1: Foul Ball, location: 2F 2-2: Ground out U3 (Groundball, 3) | Bottom of the 6th over - 0 runs, 0 hits, 0 errors, 0 left on base; Newark 4 - Rio Grande 3 | TOP OF THE 7TH |
---|
Newark Bulldogs batting - Pitching for Rio Grande Rattlesnake : RHP Billy O'Neal | Batting: RHB Tony Long | 0-0: Fly out, F5 (Popup, 5) | Batting: LHB Gabriel Aragón | 0-0: Called Strike 0-1: Foul Ball, location: 2F 0-2: SINGLE (Line Drive, 8LS) | Batting: RHB Michael Skinner | 0-0: Called Strike 0-1: Ball 1-1: Foul Ball, location: 2F 1-2: Ball 2-2: Foul Ball, location: 2F 2-2: SINGLE (Groundball, 6M) (infield hit) Gabriel Aragón to second | Batting: LHB Gerardo Guzmán | 0-0: Ball 1-0: Ball 2-0: Called Strike 2-1: Ball 3-1: Base on Balls Gabriel Aragón to third Michael Skinner to second | Batting: SHB Ismael Sánchez | 0-0: Ball 1-0: Called Strike 1-1: Swinging Strike 1-2: Ball 2-2: Foul Ball, location: 2F 2-2: Ball Wild Pitch! Gabriel Aragón scores Michael Skinner to third Gerardo Guzmán to second 3-2: Fly out, F8 (Flyball, 8RS) Runner from 3rd tags up, SCORES, no throw | Pitching: RHP Nelson Britt | | Batting: RHB Pablo Gómez | 0-0: Ball 1-0: Ball 2-0: Ball 3-0: Called Strike 3-1: Base on Balls | Batting: RHB Dan McKay | 0-0: Called Strike 0-1: Swinging Strike 0-2: Foul Ball, location: 2F 0-2: Foul Ball, location: 2F 0-2: Ball 1-2: Hit by Pitch Gerardo Guzmán to third Pablo Gómez to second | Batting: RHB Aurelio Cruz | 0-0: Ball 1-0: Ball 2-0: Fielders Choice at 2nd, 6-4 (Groundball, 6) | Top of the 7th over - 2 runs, 2 hits, 0 errors, 3 left on base; Newark 6 - Rio Grande 3 | BOTTOM OF THE 7TH |
---|
Rio Grande Rattlesnake batting - Pitching for Newark Bulldogs : LHP Josh Wall | Batting: RHB Iván De Jesús | 0-0: Foul Ball, location: 2F 0-1: Ball 1-1: Ball 2-1: Fly out, F8 (Line Drive, 8LD) | Batting: SHB Carlos Reyes | 0-0: Called Strike 0-1: Ball 1-1: Foul Ball, location: 2F 1-2: Strikes out swinging | Batting: SHB William Daly | 0-0: Called Strike 0-1: Foul Ball, location: 2F 0-2: Strikes out looking | Bottom of the 7th over - 0 runs, 0 hits, 0 errors, 0 left on base; Newark 6 - Rio Grande 3 | TOP OF THE 8TH |
---|
Newark Bulldogs batting - Pitching for Rio Grande Rattlesnake : RHP Nelson Britt | Batting: LHB Wes Thompson | 0-0: Called Strike 0-1: Ball 1-1: Swinging Strike 1-2: Strikes out looking | Batting: RHB Tony Long | 0-0: Called Strike 0-1: Ball 1-1: Foul Ball, location: 2F 1-2: Ball 2-2: Ball 3-2: Base on Balls | Batting: LHB Gabriel Aragón | 0-0: Grounds into double play, 4-6-3 (Groundball, 4M) | Top of the 8th over - 0 runs, 0 hits, 0 errors, 0 left on base; Newark 6 - Rio Grande 3 | BOTTOM OF THE 8TH |
---|
Rio Grande Rattlesnake batting - Pitching for Newark Bulldogs : LHP Josh Wall | Now in CF: Ángel Tuzzi | | Batting: RHB Gary Thomas | 0-0: Called Strike 0-1: Foul Ball, location: 2F 0-2: Ball 1-2: Strikes out looking | Batting: LHB José Garza | 0-0: Ball 1-0: Foul Ball, location: 2F 1-1: Ball 2-1: Swinging Strike 2-2: Strikes out looking | Batting: RHB Paul Martin | 0-0: Ball 1-0: Swinging Strike 1-1: Ball 2-1: Called Strike 2-2: Foul Ball, location: 2F 2-2: Ground out 5-3 (Groundball, 56S) | Bottom of the 8th over - 0 runs, 0 hits, 0 errors, 0 left on base; Newark 6 - Rio Grande 3 | TOP OF THE 9TH |
---|
Newark Bulldogs batting - Pitching for Rio Grande Rattlesnake : RHP Nelson Britt | Batting: RHB Michael Skinner | 0-0: Called Strike 0-1: Swinging Strike 0-2: Strikes out swinging | Batting: LHB Gerardo Guzmán | 0-0: Ball 1-0: Foul Ball, location: 2F 1-1: Ball 2-1: Ground out 6-3 (Groundball, 6) | Batting: SHB Ismael Sánchez | 0-0: Ball 1-0: Ball 2-0: Ball 3-0: Base on Balls | Batting: RHB Pablo Gómez | 0-0: Called Strike 0-1: Ball 1-1: Foul Ball, location: 2F 1-2: Foul Ball, location: 2F 1-2: Strikes out swinging | Top of the 9th over - 0 runs, 0 hits, 0 errors, 1 left on base; Newark 6 - Rio Grande 3 | BOTTOM OF THE 9TH |
---|
Rio Grande Rattlesnake batting - Pitching for Newark Bulldogs : LHP Josh Wall | Pitching: RHP Fernando Silva | | Batting: RHB Joe Courtier | 0-0: Ball 1-0: Called Strike 1-1: Called Strike 1-2: Ball 2-2: Foul Ball, location: 2F 2-2: Foul Ball, location: 2F 2-2: Strikes out swinging | Batting: SHB Jeremy Holmes | 0-0: Ball 1-0: Fly out, F9 (Line Drive, 9D) | Batting: RHB Jaime Delgado | 0-0: Called Strike 0-1: Ball 1-1: TRIPLE (Line Drive, 9D) | Batting: RHB Iván De Jesús | 0-0: Fly out, F7 (Flyball, 7) | Bottom of the 9th over - 0 runs, 1 hit, 0 errors, 1 left on base; Newark 6 - Rio Grande 3 | |